 Dungeon Crawl Stone Soup version 0.21.1-1-g345015fe64 (webtiles) character file.

40 DildoBatman the Sneak (level 3, 0/29 HPs)
             Began as a Formicid Enchanter on Feb 10, 2018.
             Succumbed to a goblin's poison
             ... on level 2 of the Dungeon.
             The game lasted 00:04:41 (1449 turns).

DildoBatman the Sneak (Formicid Enchanter)          Turns: 1449, Time: 00:04:41

Health: 0/29       AC:  6    Str: 13    XL:     3   Next: 72%
Magic:  3/6        EV:  9    Int: 14    God:
Gold:   117        SH:  0    Dex: 11    Spells: 2/6 levels left

rFire    . . .     SeeInvis +   a - +1 dagger
rCold    . . .     Gourm    .   (no shield)
rNeg     . . .     Faith    .   f - +0 scale mail
rPois    .         Spirit   .   (helmet unavailable)
rElec    .         Reflect  .   (no cloak)
rCorr    .         Harm     .   (no gloves)
MR       +....     Clarity  +   (no boots)
Stlth    +.........             (no amulet)
HPRegen  0.09/turn              e - ring of protection from magic
MPRegen  0.10/turn              (no ring)

@: lethally poisoned (0 -> -3), flying
A: permanent stasis, dig shafts and tunnels, four strong arms, antennae 3,
clarity, wild magic 1
a: Dig, Shaft Self


You were on level 2 of the Dungeon.
You were not hungry.

You visited 1 branch of the dungeon, and saw 2 of its levels.

You collected 117 gold pieces.

Inventory:

Hand Weapons
 a - a +1 dagger (weapon)
 b - a +0 mace
 l - a +1 dagger of draining
Armour
 f - a +0 scale mail (worn)
Jewellery
 e - a ring of protection from magic (left hand)
Scrolls
 d - a scroll of noise {unknown}
 j - 2 scrolls of amnesia {unknown}
 k - a scroll of magic mapping {unknown}
 m - a scroll of immolation {unknown}
 o - a scroll of random uselessness {unknown}
Potions
 h - a potion of flight
 i - 2 potions of cancellation {unknown}
 n - a potion of berserk rage
Books
 c - a book of Maledictions

   Spells                             Type                      Level
   a - Corona                         Hexes                        1
   b - Ensorcelled Hibernation        Hexes/Ice                    2
   c - Confuse                        Hexes                        3
   d - Tukima's Dance                 Hexes                        3
   e - Dazzling Spray                 Conjuration/Hexes            3
Comestibles
 g - a chunk of flesh
 v - 3 rations


   Skills:
 - Level 3.0 Fighting
 - Level 1.0 Short Blades
 * Level 0.5 Armour
 * Level 1.9 Dodging
 * Level 3.8 Stealth
 - Level 2.1 Spellcasting
 - Level 3.6 Hexes


You had 2 spell levels left.
You knew the following spells:

 Your Spells              Type           Power        Failure   Level  Hunger
a - Corona                Hex            ###....      34%         1    #......
b - Confuse               Hex            ###.....     67%         3    ###....


Dungeon Overview and Level Annotations

Branches:
Dungeon (2/15)

Altars:


Innate Abilities, Weirdness & Mutations

You cannot be hasted, slowed, berserked, paralysed or teleported.
You can dig through walls and to a lower floor.
Your four strong arms can wield two-handed weapons with a shield.
You have a pair of large antennae on your head. (SInv)
You possess an exceptional clarity of mind.
Your spells are a little harder to cast, but a little more powerful.


Message History

You feel sick. The goblin hits you but does no damage.
You feel sick. The goblin barely misses you.
You feel sick. The giant cockroach barely misses you.
You feel sick.
Things that are here:
a dagger of venom a quokka corpse You feel sick.
You feel sick.
Your magical contamination has completely faded away.
You feel sick.
You feel sick.
You feel sick.
You see here 2 smoky grey potions.
Okay, then.
i - 2 smoky grey potions You die...

################# ######
................# #.....
.........)......# #.....
................###.....
.................)......
................###.....
...>.......###### ######
$.......s..#
..##.#.@g..# # #.†..##
.......... ...........##
.....)..#...#
....>.........
.......#....##. .......
....#


You could see a giant cockroach and a goblin.

Vanquished Creatures
  A dart slug (D:1)
  A leopard gecko (D:2)
  A ball python (D:2)
  A bat (D:1)
  2 giant cockroaches (D:1)
  6 hobgoblins
  5 kobolds (D:1)
  2 quokkas (D:2)
  5 frilled lizards (D:1)
  5 goblins
  4 rats
33 creatures vanquished.

Vanquished Creatures (others)
  7 toadstools (D:2)
7 creatures vanquished.

Grand Total: 40 creatures vanquished

Notes
Turn   | Place    | Note
-------+----------+-------------------------------------------
     0 | D:1      | DildoBatman the Formicid Enchanter began the quest for the Orb.
     0 | D:1      | Reached XP level 1. HP: 13/13 MP: 3/3
    96 | D:1      | Reached skill level 1 in Fighting
   124 | D:1      | Reached XP level 2. HP: 18/21 MP: 1/5
   582 | D:1      | Reached XP level 3. HP: 28/28 MP: 4/6
   587 | D:1      | Learned a level 3 spell: Confuse
  1427 | D:2      | Gained mutation: You possess an exceptional clarity of mind. [potion of mutation]
  1427 | D:2      | Gained mutation: Your spells are a little harder to cast, but a little more powerful. [potion of mutation]
  1446 | D:2      | HP: 1/29 [poisoned by a goblin]
  1449 | D:2      | Succumbed to a goblin's poison

Skill      XL: |  1  2  3 |
---------------+----------+-----
Fighting       | 1 2 3 |  3.0
Short Blades   | |  1.0
Armour         | |  0.5
Dodging        | |  1.9
Stealth        | |  3.8
Spellcasting   | |  2.1
Hexes          | |  3.6

Action                   || total
-------------------------++-------
Melee: Dagger            ||   100
 Cast: Corona            ||    25
 Abil: Dig               ||     4
  Use: Potion            ||     3
 Stab: Sleeping          ||     5
  Eat: Chunk             ||     3
Armor: Leather armour    ||    16
       Scale mail        ||    14
Dodge: Dodged            ||    51
